 Dungeon Crawl Stone Soup version 0.20-a0-1043-gbd57889 (console) character file.

308242 stickyfingers the Agent of Entropy (level 22, -17/190 HPs)
             Began as a Formicid Abyssal Knight on Apr 24, 2017.
             Was a Priest of Lugonu.
             Killed from afar by a Tzitzimitl (59 damage)
             ... with a bolt of cold
             ... summoned by a deep elf demonologist
             ... on level 3 of the Elven Halls.
             The game lasted 03:59:53 (61613 turns).

stickyfingers the Agent of Entropy (FoAK)          Turns: 61613, Time: 03:59:54

Health: -17/190    AC: 19    Str: 27    XL:     22   Next: 13%
Magic:  36/36      EV: 13    Int: 15    God:    Lugonu [***...]
Gold:   2873       SH: 20    Dex:  6    Spells: 19/21 levels left

rFire    . . .     SeeInvis +   a - +2 dire flail (drain)
rCold    . . .     Gourm    .   h - +0 large shield
rNeg     + . .     Faith    .   Z - +2 plate armour {rPois}
rPois    +         Spirit   .   (helmet unavailable)
rElec    +         Reflect  .   i - +1 cloak
rCorr    .         Harm     .   R - +2 pair of gloves
MR       ++...                  n - +2 pair of boots
Stlth    ..........             X - amulet of the Air {Inacc +Fly rElec EV+5 RMsl}
Regen    0.5/turn               C - +4 ring of slaying {=R}
MPRegen  0.3/turn               S - ring "Eduxtew" {+Blink rElec rN+ Str+3 Dex-4}

@: corroded, drained, repel missiles
A: permanent stasis, dig shafts and tunnels, four strong arms, antennae 3
}: 2/15 runes: decaying, serpentine
a: Dig, Shaft Self, Depart the Abyss, Bend Space, Banish, Renounce Religion,
Evoke Flight


You were on level 3 of the Elven Halls.
You worshipped Lugonu.
Lugonu was most pleased with you.
You were hungry.

You visited 6 branches of the dungeon, and saw 34 of its levels.
You visited the Abyss 7 times.
You also visited: Ice Cave and Volcano.

You collected 4844 gold pieces.
You spent 1971 gold pieces at shops.

Inventory:

Hand Weapons
 a - a +2 dire flail of draining (weapon)
   (You subdued it on level 3 of the Elven Halls)
 b - a +2 shortbow of flaming
   (You took it off a centaur on level 9 of the Dungeon)
 c - a +0 blowgun
   (You found it in an ice cave)
 d - the +11 quarterstaff "Rohiporu" {freeze, rElec rC+}
   (You found it on level 2 of the Swamp)

   It has been specially enchanted to freeze those struck by it, causing extra
   injury to most foes and up to half again as much damage against particularly
   susceptible opponents.
   It can also slow down cold-blooded creatures.
   It protects you from cold.
   It insulates you from electricity.
 o - a +1 dire flail of holy wrath
   (You took it off a naga on level 4 of the Snake Pit)
 Q - a +0 dire flail of crushing
   (You took it off a naga warrior on level 3 of the Snake Pit)
Missiles
 l - 879 stones (quivered)
 r - 3 throwing nets
 E - 1287 arrows
 P - 13 curare-tipped needles
Armour
 h - a +0 large shield (worn)
   (You found it on level 4 of the Lair of Beasts)
 i - a +1 cloak (worn)
   (You took it off Maurice on level 10 of the Dungeon)
 n - a +2 pair of boots (worn)
   (You found it in an ice cave)
 v - a +0 troll leather armour
   (You found it on level 1 of the Orcish Mines)
 R - a +2 pair of gloves (worn)
   (You found it on level 6 of the Lair of Beasts)
 Z - a +2 plate armour of poison resistance (worn)
   (You took it off an orc warrior on level 2 of the Orcish Mines)
Jewellery
 j - an uncursed ring of protection from magic
   (You found it on level 6 of the Lair of Beasts)
 s - an uncursed ring of protection from fire
   (You found it on level 2 of the Dungeon)
 y - a ring of the Octopus King {Wiz AC+1 EV+1 Str+1 Int+1 Dex+1}
   (You found it on level 15 of the Dungeon)

   [ring of wizardry]

   It improves your spell success rate.
   It affects your AC (+1).
   It affects your evasion (+1).
   It affects your strength (+1).
   It affects your intelligence (+1).
   It affects your dexterity (+1).
 C - a +4 ring of slaying (left hand) {=R}
   (You found it on level 15 of the Dungeon)
 S - the ring "Eduxtew" (right hand) {+Blink rElec rN+ Str+3 Dex-4}
   (You took it off a tengu warrior on level 15 of the Dungeon)

   [ring of strength]

   It affects your strength (+3).
   It affects your dexterity (-4).
   It insulates you from electricity.
   It protects you from negative energy.
   It lets you blink.
 T - an uncursed ring of ice
   (You took it off a centaur warrior on level 15 of the Dungeon)
 X - the amulet of the Air (around neck) {Inacc +Fly rElec EV+5 RMsl}
   (You bought it in a shop on level 2 of the Orcish Mines)

   [amulet of inaccuracy]

   It reduces the accuracy of all your attacks.
   It affects your evasion (+5).
   It insulates you from electricity.
   It lets you fly.
   It protects you from missiles.
Wands
 p - a wand of acid (4/15)
   (You found it on level 2 of the Swamp)
 A - a wand of clouds (5/9)
   (You found it on level 1 of the Snake Pit)
 F - a wand of iceblast (8/15)
   (You found it on level 1 of the Swamp)
Scrolls
 g - 7 scrolls of fog
 V - 3 scrolls of fear
Potions
 f - 14 potions of curing
 m - 2 potions of cancellation
 x - 3 potions of agility
 B - 2 potions of might
 D - a potion of magic
 J - 4 potions of resistance
 K - 6 potions of heal wounds
Miscellaneous
 q - a phial of floods
   (You found it on level 6 of the Lair of Beasts)
 H - a lamp of fire
   (You found it on level 15 of the Dungeon)
Comestibles
 k - 2 meat rations
 t - a bread ration
 u - 4 chunks of flesh
 w - 12 royal jellies


   Skills:
 + Level 19.9(19.0) Fighting
 - Level 14.0(13.1) Maces & Flails
 + Level 19.8(18.9) Armour
 - Level 0.8(0.2) Dodging
 - Level 15.0(14.1) Shields
 - Level 20.0(19.1) Invocations
 - Level 5.0(4.3) Evocations


You had 19 spell levels left.
You knew the following spells:

 Your Spells              Type           Power        Failure   Level  Hunger
a - Apportation           Tloc           #.....       85%         1    ##.....
F - Summon Butterflies    Summ           #.......     85%         1    ##.....


Dungeon Overview and Level Annotations

Branches:
Dungeon (15/15)            Temple (0/1) D:5            Lair (6/6) D:9
  Swamp (4/4) Lair:4        Snake (4/4) Lair:3        Slime (0/5) Lair:5
    Orc (2/2) D:11            Elf (3/3) Orc:2        Vaults (0/5) D:13
 Depths (0/5) D:15

Altars:
Elyvilon
Fedhas
Hepliaklqana
Makhleb
Nemelex Xobeh
Okawaru
Qazlal
Ru
Sif Muna
Uskayaw
Wu Jian
Yredelemnul
Beogh
Jiyva
Lugonu

Shops:
D:5 *   D:15 [(!   Orc:2 }([=   Elf:2 ?   Snake:3 ?:}}=?   Snake:4 ?

Portals:
Trove: D:10 (give 17 potions of curing)

Annotations:
Swamp:1 corrupted
Orc:2 corrupted
Elf:2 corrupted


Innate Abilities, Weirdness & Mutations

You cannot be hasted, slowed, berserked, paralysed or teleported.
You can dig through walls and to a lower floor.
Your four strong arms can wield two-handed weapons with a shield.
You have a pair of large antennae on your head. (SInv)


Message History

j - a ring of protection from magic (right hand)
You block the deep elf sorcerer's attack.
You miss the deep elf sorcerer.
The deep elf sorcerer is moderately wounded.
You closely miss the deep elf sorcerer.
The deep elf sorcerer is moderately wounded.
The deep elf sorcerer casts a spell at you.
The bolt of acid hits you! The acid corrodes you!
You are splashed with acid!
The acid burns!
You block the orange demon's attack.
You closely miss the deep elf sorcerer.
The deep elf sorcerer is moderately wounded.
The deep elf demonologist casts a spell.
You barely miss the deep elf sorcerer.
The deep elf sorcerer is moderately wounded.
The orange demon disappears in a puff of smoke!
The deep elf sorcerer barely misses you.
You puncture the deep elf sorcerer! You drain the deep elf sorcerer!
The deep elf sorcerer is heavily wounded.
The deep elf demonologist hits you but does no damage.
You closely miss the deep elf sorcerer.
The deep elf sorcerer is heavily wounded.
You block the deep elf sorcerer's attack.
You closely miss the deep elf sorcerer.
The deep elf sorcerer is heavily wounded.
The deep elf demonologist closely misses you.
You impale the deep elf sorcerer!!
The deep elf sorcerer is severely wounded.
The deep elf sorcerer gestures at you while chanting.
The bolt of acid hits you! The acid corrodes you!
You are splashed with acid!
The acid burns!
You block the orange demon's attack.
You hit the deep elf sorcerer. You drain the deep elf sorcerer!
The deep elf sorcerer is almost dead.
You block the rust devil's attack.
The deep elf sorcerer points at you and mumbles some strange words.
You resist with almost no effort.
The deep elf demonologist casts a spell.
You miss the deep elf sorcerer.
The deep elf sorcerer is almost dead.
You block the orange demon's attack.
You sock the deep elf sorcerer!
You kill the deep elf sorcerer!
Lugonu accepts your kill.
Your life force feels restored.
The rust devil misses you.
The deep elf demonologist gestures at you while chanting.
You resist with almost no effort.
You hit the deep elf demonologist but do no damage.
The orange demon stings you from afar! The rust devil hits you.
The rust devil corrodes you!
You are feeling hungry.
You hit the deep elf demonologist.
The deep elf demonologist is lightly wounded.
You block the deep elf demonologist's attack.
You block the orange demon's attack.
You hit the deep elf demonologist but do no damage.
You drain the deep elf demonologist!
The deep elf demonologist is lightly wounded.
You block the rust devil's attack.
The Tzitzimitl engulfs you but does no damage.
The Tzitzimitl completely misses you.
You barely miss the deep elf demonologist.
The deep elf demonologist is lightly wounded.
You block the deep elf demonologist's attack.
The orange demon closely misses you.
The Tzitzimitl calls on the powers of darkness!
Your body is wracked with pain!
* * * LOW HITPOINT WARNING * * *
You block the rust devil's attack.
Okay, then.
Unknown command.
Evoke which item? (* to show all) (? for menu, Esc to quit)
Okay, then.
Unknown command.
Unknown command.
The Tzitzimitl gestures at you.
The bolt of negative energy hits the rust devil.
The rust devil completely resists.
The bolt of negative energy hits you!
You feel drained.
* * * LOW HITPOINT WARNING * * *
You feel much better. You block the rust devil's attack.
Put on which piece of jewellery? (? for menu, Esc to quit)
You remove your ring of protection from magic.
You feel stronger.
S - the ring "Eduxtew" (right hand) {+Blink rElec rN+ Str+3 Dex-4} You block the rust devil's attack.
Evoke which item? (* to show all) (? for menu, Esc to quit)
Aiming: Corrosive Bolt
Press: ? - help, Shift-Dir - straight line, f - deep elf demonologist
Aim: a deep elf demonologist, wielding a jewelled battleaxe {protect} (heavily wounded, lightly drained)
The bolt of acid hits the rust devil.
The rust devil is splashed with acid.
The acid corrodes the rust devil!
The rust devil is heavily wounded.
The bolt of acid hits the orange demon.
The orange demon is splashed with acid.
The orange demon is heavily wounded.
The bolt of acid hits the deep elf demonologist.
The deep elf demonologist is splashed with acid.
The acid corrodes the deep elf demonologist!
The deep elf demonologist is almost dead.
This wand has 4 charges left.
The Tzitzimitl gestures at you. The bolt of cold hits you!
You die...

## #.# ...# {###
....##{ { ##.##
.....## ##...##
......## ##.....# #..
.......## ##.....##
.....
#.....3###@....##
..... ##......#4....##
....## ##....e41...##
.....###......3...##
......#..........##
..................##
.............#.....##
#...........###.....##
##........)## ##.....#
#...........###.....##
.............#.....##


You could see a Tzitzimitl, a soul eater, a deep elf demonologist, an orange
demon and a rust devil.

Vanquished Creatures
  Vashnia (Snake:2)
  A bone dragon (Swamp:4)
  2 deep elf blademasters (Elf:2)
  2 deep elf master archers (Elf:3)
  12 nagarajas (Snake:2 Snake:4)
  A fire giant (D:15)
  Kirke (D:12)
  8 deep elf sorcerers (Elf:3 Elf:2)
  An orc warlord (Orc:1)
  8 deep elf elementalists (Elf:3 Elf:2)
  5 deep elf demonologists (Elf:2 Elf:3)
  3 deep elf annihilators (Elf:2 Elf:3)
  Azrael (D:15)
  Snorg (Lair:6)
  8 deep elf death magi (Elf:3)
  A blizzard demon (Abyss:2)
  Josephine (Orc:1)
  5 deep elf high priests (Elf:1 Elf:3)
  2 yaktaur captains (D:15)
  2 rakshasas (D:14 D:15)
  4 hydras (D:8 Lair:6 Swamp:1 Swamp:4)
  4 vault guards (D:15)
  An ice dragon (Lair:6)
  17 anacondas (Snake:1 Snake:2 Snake:3 Snake:4)
  4 catoblepae (Lair:3 Lair:6)
  14 naga warriors (Snake:1 Snake:3 Snake:4)
  12 two-headed ogres (D:11 D:12 Orc:1 D:13 D:15)
  Erica (Lair:2)
  A death knight (D:15)
  24 dancing weapons (Elf:1 Elf:2 Elf:3)
  3 ogre magi (D:15)
  4 centaur warriors (D:15)
  2 tengu warriors (D:15)
  9 alligators (Swamp:1 Swamp:2 Swamp:3 Swamp:4)
  7 death yaks (Lair:5 Lair:6)
  2 deep troll shamans (D:15)
  4 orc high priests (Orc:1 Elf:1 Elf:2)
  A thrashing horror (Abyss:2)
  12 shock serpents (Snake:1 Snake:2 Snake:3 Snake:4)
  12 naga sharpshooters (Snake:2 Snake:3 Snake:4)
  18 deep elf knights (Elf:1 Elf:2 Elf:3)
  A fire crab (D:14)
  2 salamander mystics (Snake:3 Snake:4)
  7 sea snakes (Snake:4)
  2 skeletal warriors (Volcano)
  2 unseen horrors (D:14)
  A wizard (D:13)
  9 naga ritualists (Snake:1 Snake:2 Snake:3 Snake:4)
  2 spriggan druids (Swamp:1 Swamp:4)
  3 phantasmal warriors (D:15 Swamp:4)
  2 swamp dragons (Swamp:3 Swamp:4)
  5 shambling mangroves (Swamp:1 Swamp:3)
  11 orc knights (Orc:2 D:15)
  An anaconda skeleton (Volcano)
  11 deep elf archers (D:15 Elf:1 Elf:2)
  A large abomination (Abyss:2)
  An obsidian statue (Snake:1)
  4 lindwurms (Lair:6)
  12 mana vipers (Snake:1 Snake:2 Snake:4)
  61 deep elf magi (D:15 Elf:1 Orc:2 Elf:2 Elf:3)
  6 manticores (Lair:6 D:11 D:13 D:15)
  5 orc sorcerers (Orc:1 Orc:2)
  3 wolf spiders (Lair:6)
  5 ugly things (D:11 IceCv D:13)
  4 cyclopes (Orc:2 D:14 D:15)
  8 salamanders (Snake:1 Snake:2 Snake:4)
  An elephant (shapeshifter) (D:9)
  8 centaur zombies (D:10 D:11 D:12 D:13 D:15)
  Maurice (D:10)
  3 ice statues (IceCv)
  29 black mambas (Lair:4 Lair:5 Lair:6 Snake:1 Snake:2)
  8 elephants (Lair:2 Lair:1 Lair:6)
  6 torpor snails (Lair:6)
  12 naga magi (Snake:2 Snake:3 Snake:4)
  10 centaur skeletons (D:7 D:11 D:12 D:13 D:14)
  4 gargoyles (Volcano D:13)
  5 swamp worm zombies (Swamp:4)
  3 guardian serpents (Snake:4)
  6 rime drakes (Lair:5 Lair:6 D:12)
  9 komodo dragons (Lair:1 Lair:2 Lair:3 Lair:5 D:15)
  21 spiny frogs (Lair:1 Lair:2 Lair:3 Lair:4 Lair:6)
  A yaktaur (D:14)
  4 kobold demonologists (D:10 D:15)
  A redback zombie (D:15)
  2 freezing wraiths (D:15)
  3 hydra zombies (Swamp:4)
  3 ancient zymes (Abyss:2)
  A guardian mummy (D:10)
  21 hornets (Lair:6 D:14 Swamp:1 Swamp:2 Swamp:3)
  2 tengu conjurers (D:10 D:15)
  8 trolls (Orc:1 Orc:2 D:13 D:15 Elf:2)
  7 tyrant leeches (Lair:6 Swamp:1 Swamp:2 Swamp:3)
  A harpy skeleton (Volcano)
  A meliai (D:14)
  9 dream sheep (D:8 Lair:4)
  3 polar bears (Lair:3 Lair:6 Lair:4)
  A wind drake (shapeshifter) (D:15)
  5 spectral swamp dragons (Swamp:4)
  17 blink frogs (Lair:1 Lair:4 Lair:5 Lair:6)
  A meliai zombie (D:12)
  4 alligator zombies (Swamp:4)
  11 hippogriffs (D:8 Lair:1 Lair:3 Lair:5 Lair:6)
  22 slime creatures (D:11 D:13 D:15 Swamp:1 Swamp:2)
  7 bog bodies (Swamp:3 Swamp:4)
  4 shadows (D:15 Swamp:3)
  2 water elementals (Elf:1 Elf:2)
  3 flying skulls (Volcano)
  A ynoxinul (Abyss:2)
  8 air elementals (Elf:1 Elf:2 Elf:3)
  An alligator skeleton (Volcano)
  31 yaks (D:8 Lair:2 Lair:5 Lair:6 D:12)
  2 vampires (D:13 D:15)
  6 wraiths (Orc:1 D:13)
  2 fire bats (Abyss:1)
  6 spriggans (Swamp:1 Swamp:2 Swamp:3 Swamp:4)
  4 wyverns (D:8 D:10 Lair:1)
  3 humans (D:7 D:12)
  5 basilisks (Lair:1 Lair:6 D:14 D:15)
  9 fire elementals (D:15 Elf:1 Elf:2 Elf:3)
  A golden eye (shapeshifter) (D:15)
  3 hungry ghosts (D:11 D:13 D:14)
  Grum (D:8)
  9 insubstantial wisps (Swamp:2 Swamp:4)
  11 wargs (Orc:1 Orc:2 Elf:1)
  14 vampire mosquitoes (D:11 D:15 Swamp:1 Swamp:2 Swamp:3)
  2 soldier ants (D:10 D:13)
  57 nagas (Lair:3 Snake:1 Snake:2 Snake:3 Snake:4)
  19 swamp worms (Lair:4 Swamp:1 Swamp:2 Swamp:3 Swamp:4)
  4 floating eyes (D:15)
  2 acid dragons (D:12 D:15)
  6 porcupines (Lair:1 Lair:2 Lair:5)
  2 hell hounds (D:15)
  17 water moccasins (D:6 D:9 Lair:1 Lair:2 Lair:3)
  45 orc warriors (D:10 D:11 Orc:1 Orc:2 Elf:1)
  4 swamp dragon zombies (Swamp:4)
  9 swamp drakes (Swamp:1 Swamp:2 Swamp:3)
  A black bear (shapeshifter) (Elf:3)
  7 phantoms (D:11 Swamp:4)
  2 sky beasts (D:5 D:13)
  4 black bears (D:9 D:10 Lair:1)
  10 wolves (D:8 D:9 Lair:2 Lair:1 Lair:3)
  14 ice beasts (D:8 D:9 D:11 IceCv D:13)
  16 ogres (D:8 D:9 D:10 D:11 D:12)
  3 eyes of draining (D:10 D:13 D:14)
  19 centaurs (D:6 D:9 D:11 D:12 D:14)
  3 small abominations (Abyss:2)
  7 crocodiles (Lair:1 Lair:2 Lair:4 Lair:5)
  9 big kobolds (D:7 D:8 D:10 D:15)
  24 bullfrogs (D:7 D:10 Lair:1 Lair:2 Lair:3)
  2 earth elementals (Orc:2 Elf:2)
  A wyvern zombie (D:13)
  7 scorpions (D:5 D:6 D:7 D:8 D:10)
  A troll zombie (D:11)
  11 killer bees (D:9 D:8 D:11)
  A spriggan skeleton (Volcano)
  4 howler monkeys (D:5 D:8)
  9 crimson imps (D:4 D:5 D:6 D:7 D:11)
  A bullfrog zombie (D:7)
  3 quasits (D:10 Abyss:1)
  6 hounds (D:4 D:5 D:6 D:7)
  7 jellies (D:6 D:7 D:8 D:10 D:14)
  2 bullfrog skeletons (D:11 D:12)
  14 orc priests (D:6 D:7 D:8 D:11 Orc:1)
  A gnoll shaman (D:8)
  19 orc wizards (D:3 D:6 D:8 D:9 D:11)
  An iron imp (Abyss:2)
  2 iguanas (D:3 D:7)
  3 spectral swamp drakes (Swamp:4)
  14 worker ants (D:6 D:7 D:8 D:10 D:11)
  4 ogre zombies (D:11)
  A killer bee zombie (D:7)
  A naga skeleton (Volcano)
  A hound skeleton (D:10)
  A hound zombie (D:9)
  A mummy (D:7)
  3 worker ant zombies (D:7 D:10)
  8 gnolls (D:3 D:2 D:8)
  A howler monkey skeleton (D:9)
  25 adders (D:2 D:3 D:4 D:5 D:6)
  3 shadow imps (D:9 D:10)
  4 white imps (D:9 D:11 Abyss:1 Abyss:3)
  2 adder skeletons (D:6 D:9)
  3 worms (D:3)
  2 dart slugs (D:1)
  6 leopard geckos (D:1 D:3 D:5 D:7 D:11)
  95 orcs (D:3 D:6 D:7 D:8 D:9)
  3 ball pythons (D:6 Snake:1)
  16 giant cockroaches (D:2 D:3 D:4 D:8)
  7 hobgoblins (D:1 D:2 D:3)
  15 jackals (D:1 D:4 D:6)
  5 quokkas (D:6 D:7 D:8 D:9)
  10 bats (D:1 D:2 D:3 D:8)
  2 frilled lizards (D:4)
  2 gnoll zombies (D:7)
  11 goblins (D:1 D:2 D:3)
  3 goblin skeletons (D:11)
  3 goblin zombies (D:11)
  A hobgoblin skeleton (D:11)
  3 hobgoblin zombies (D:7 D:11)
  A jackal zombie (D:6)
  24 kobolds (D:3 D:6 D:7 D:10 D:15)
  2 leopard gecko skeletons (D:4)
  13 orc zombies (D:7 D:11)
  A quokka skeleton (D:5)
  8 rats (D:1 D:2 D:3)
  A fungus (Lair:5)
  A plant (Lair:6)
1466 creatures vanquished.

Vanquished Creatures (others)
  Rupert (Orc:2)
  Donald (Swamp:1)
  A thorn hunter (Swamp:2)
  A tengu reaver (D:15)
  2 hydras (Lair:1 Abyss:1)
  A ghost crab (Swamp:4)
  3 dancing weapons (Elf:2)
  A two-headed ogre (D:8)
  2 alligators (Swamp:1)
  A deep elf knight (Elf:2)
  An unseen horror (D:15)
  2 deep elf archers (Elf:2)
  4 deep elf magi (Orc:2 Elf:2)
  An oklob plant (Swamp:4)
  A guardian serpent (Snake:3)
  4 spiny frogs (Lair:1 Lair:6 Swamp:1)
  3 komodo dragons (Lair:1 Lair:3)
  3 meliai (D:14 D:15)
  2 hornets (D:9 Swamp:1)
  A tyrant leech (Lair:4)
  2 bog bodies (Swamp:1)
  8 slime creatures (Swamp:1)
  A vampire (D:10)
  A shadow (D:15)
  A human (D:12)
  2 vampire mosquitoes (Swamp:1)
  A neqoxec (Abyss:1)
  A hungry ghost (D:7)
  2 insubstantial wisps (Swamp:4)
  3 swamp worms (Swamp:1)
  A naga (Snake:4)
  A swamp drake (Swamp:1)
  2 phantoms (Swamp:4)
  2 ogres (D:4)
  A bullfrog (D:15)
  3 electric eels (D:9 Lair:5)
  An adder (D:12)
  A quokka (D:8)
  17 fungi (Lair:1 Lair:2 Lair:5 Lair:6)
  27 plants (Lair:1 Lair:3 Lair:5 Lair:6)
  9 starspawn tentacles (Swamp:1)
123 creatures vanquished.

Grand Total: 1589 creatures vanquished

Notes
Turn   | Place    | Note
-------+----------+-------------------------------------------
     0 | Abyss:1  | stickyfingers the Formicid Abyssal Knight began the quest for the Orb.
     0 | Abyss:1  | Reached XP level 1. HP: 18/18 MP: 2/2
    33 | D:1      | Escaped the Abyss
   326 | D:1      | Reached XP level 2. HP: 17/24 MP: 3/3
   507 | D:1      | Reached skill level 3 in Maces & Flails
   731 | D:1      | Reached XP level 3. HP: 22/29 MP: 4/4
  1046 | D:2      | Found a faded altar of an unknown god.
  1370 | D:2      | Reached ** piety under Lugonu
  1538 | D:3      | Found a blossoming altar of Fedhas.
  1555 | D:3      | Reached XP level 4. HP: 35/35 MP: 5/5
  1647 | D:3      | Reached skill level 4 in Maces & Flails
  2032 | D:3      | Reached skill level 3 in Invocations
  2157 | D:3      | Reached XP level 5. HP: 36/41 MP: 7/7
  2692 | D:3      | Found a stormy altar of Qazlal.
  2789 | D:3      | Reached skill level 5 in Maces & Flails
  2907 | D:3      | Identified a book of Minor Magic
  3010 | D:3      | Found a deep blue altar of Sif Muna.
  3151 | D:3      | Reached *** piety under Lugonu
  3151 | D:3      | Reached XP level 6. HP: 33/47 MP: 8/8
  3256 | D:4      | Noticed an ogre
  3331 | D:4      | Reached skill level 6 in Maces & Flails
  3433 | D:4      | Found a burning altar of Makhleb.
  3525 | D:4      | Noticed an ogre
  3902 | D:4      | Found a hazy altar of Hepliaklqana.
  4061 | D:4      | Banished an ogre
  4094 | D:4      | Banished an ogre
  4094 | D:4      | Reached XP level 7. HP: 52/52 MP: 7/9
  4147 | D:5      | Entered Level 5 of the Dungeon
  4254 | D:5      | Reached skill level 7 in Maces & Flails
  4640 | D:5      | Found Elea's Assorted Antiques.
  4654 | D:5      | Bought a scroll labeled UWUOTRO NIPETH for 32 gold pieces
  4654 | D:5      | Bought a bubbling orange potion for 28 gold pieces
  4654 | D:5      | Bought an encrusted lead wand for 128 gold pieces
  4654 | D:5      | Bought 2 puce potions for 57 gold pieces
  4672 | D:5      | Reached skill level 8 in Maces & Flails
  4763 | D:5      | Found a staircase to the Ecumenical Temple.
  5300 | D:6      | Reached XP level 8. HP: 58/58 MP: 10/10
  5385 | D:6      | HP: 17/58 [poisoned by a water moccasin]
  5390 | D:6      | HP: 13/58 [poisoned by a water moccasin]
  5396 | D:6      | HP: 9/58 [poisoned by a water moccasin]
  5402 | D:6      | HP: 7/58 [poisoned by a water moccasin]
  5408 | D:6      | HP: 7/58 [poisoned by a water moccasin]
  5416 | D:6      | HP: 6/58 [poisoned by a water moccasin]
  5715 | D:6      | Reached skill level 9 in Maces & Flails
  6297 | D:6      | Reached skill level 10 in Maces & Flails
  6630 | D:6      | Reached XP level 9. HP: 55/65 MP: 11/11
  6638 | D:6      | Reached skill level 3 in Armour
  6843 | D:6      | Reached skill level 4 in Fighting
  7213 | D:7      | HP: 19/65 [orc warrior/trident (3)]
  7875 | D:7      | Reached skill level 4 in Armour
  7887 | D:7      | Found a sparkling altar of Nemelex Xobeh.
  7937 | D:7      | Reached skill level 5 in Fighting
  8235 | D:7      | Found a basalt altar of Yredelemnul.
  8256 | D:7      | Found an ornate altar of the Wu Jian Council.
  8290 | D:7      | Reached **** piety under Lugonu
  8318 | D:7      | Found an iron altar of Okawaru.
  8324 | D:7      | Reached skill level 6 in Fighting
  8365 | D:7      | Reached skill level 11 in Maces & Flails
  8626 | D:7      | Reached XP level 10. HP: 77/77 MP: 12/12
  8887 | D:8      | Reached skill level 7 in Fighting
  8889 | D:8      | Noticed a two-headed ogre
  8890 | D:8      | Banished a two-headed ogre
  9037 | D:8      | Reached skill level 12 in Maces & Flails
  9307 | D:8      | Found a hide-covered altar of Uskayaw.
  9607 | D:8      | Found a white marble altar of Elyvilon.
  9759 | D:8      | Found a sacrificial altar of Ru.
  9836 | D:8      | Reached skill level 13 in Maces & Flails
  9840 | D:8      | Noticed Grum
  9850 | D:8      | Killed Grum
  9963 | D:8      | Noticed a two-headed hydra
  9980 | D:8      | Killed a one-headed hydra
  9980 | D:8      | Reached XP level 11. HP: 78/84 MP: 13/13
 10237 | D:9      | Reached skill level 14 in Maces & Flails
 11173 | D:8      | Reached skill level 5 in Armour
 11200 | D:8      | Reached skill level 4 in Invocations
 11803 | D:9      | HP: 25/85 [poisoned by a killer bee]
 11808 | D:9      | HP: 24/85 [poisoned by a killer bee]
 11813 | D:9      | HP: 23/85 [poisoned by a killer bee]
 11820 | D:9      | HP: 20/85 [poisoned by a killer bee]
 11827 | D:8      | HP: 20/85 [poisoned by a killer bee]
 12122 | D:9      | Found a staircase to the Lair.
 12154 | D:9      | Identified a book of Beasts
 12158 | D:9      | Learned a level 1 spell: Summon Butterflies
 12369 | D:10     | Entered Level 10 of the Dungeon
 12805 | D:10     | Reached skill level 5 in Invocations
 13071 | D:10     | Reached skill level 8 in Fighting
 13186 | D:10     | Found a portal to a secret trove of treasure.
 13197 | D:10     | Reached skill level 6 in Armour
 13485 | D:10     | Found a corrupted altar of Lugonu.
 13685 | D:10     | Noticed Maurice
 13850 | D:10     | Reached skill level 6 in Invocations
 13984 | D:10     | Killed Maurice
 14276 | Lair:1   | Entered Level 1 of the Lair of Beasts
 14455 | Lair:1   | Reached XP level 12. HP: 93/94 MP: 17/17
 14478 | Lair:1   | Reached skill level 9 in Fighting
 14491 | Lair:1   | Reached skill level 7 in Armour
 14491 | Lair:1   | Reached skill level 7 in Invocations
 14861 | Lair:1   | HP: 25/95 [blink frog (13)]
 14890 | Lair:1   | HP: 28/95 [blink frog (2)]
 15440 | Lair:1   | Reached skill level 8 in Invocations
 15652 | Lair:1   | Noticed a four-headed hydra
 15652 | Lair:1   | Banished a four-headed hydra
 15845 | Lair:1   | Reached skill level 9 in Invocations
 16465 | Lair:1   | HP: 28/95 [poisoned by a spiny frog]
 16470 | D:9      | HP: 20/95 [poisoned by a spiny frog]
 16475 | D:9      | HP: 15/95 [poisoned by a spiny frog]
 16480 | D:9      | HP: 11/95 [poisoned by a spiny frog]
 16485 | D:9      | HP: 10/95 [poisoned by a spiny frog]
 16492 | D:9      | HP: 8/95 [poisoned by a spiny frog]
 16499 | D:9      | HP: 8/95 [poisoned by a spiny frog]
 16507 | D:9      | HP: 8/95 [poisoned by a spiny frog]
 17131 | Lair:2   | Reached skill level 10 in Invocations
 17208 | Lair:2   | Noticed Erica
 17260 | Lair:2   | Reached skill level 8 in Armour
 17279 | Lair:2   | Killed Erica
 17279 | Lair:2   | Reached skill level 10 in Fighting
 18391 | Lair:2   | Identified a book of Flames
 18435 | Lair:2   | Reached skill level 9 in Armour
 18437 | Lair:2   | HP: 44/147 [poisoned by a spiny frog]
 18442 | Lair:2   | HP: 30/147 [poisoned by a spiny frog]
 18447 | Lair:2   | HP: 22/147 [poisoned by a spiny frog]
 18452 | Lair:2   | HP: 17/147 [poisoned by a spiny frog]
 18457 | Lair:2   | HP: 12/147 [poisoned by a spiny frog]
 18463 | Lair:2   | HP: 11/147 [poisoned by a spiny frog]
 18468 | Lair:2   | HP: 9/147 [poisoned by a spiny frog]
 18474 | Lair:2   | HP: 9/147 [poisoned by a spiny frog]
 18482 | Lair:2   | HP: 10/147 [poisoned by a spiny frog]
 19168 | Lair:3   | Reached XP level 13. HP: 101/104 MP: 20/20
 19202 | Lair:3   | Noticed a catoblepas
 19219 | Lair:3   | Killed a catoblepas
 19298 | Lair:2   | HP: 31/105 [poisoned by a spiny frog]
 19303 | Lair:2   | HP: 31/105 [poisoned by a spiny frog]
 19310 | Lair:2   | HP: 31/105 [poisoned by a spiny frog]
 19318 | Lair:2   | HP: 31/105 [poisoned by a spiny frog]
 19646 | Lair:3   | Found a staircase to the Snake Pit.
 19670 | Lair:3   | Reached skill level 11 in Fighting
 20163 | Lair:3   | Reached skill level 10 in Armour
 21318 | Lair:4   | Reached skill level 12 in Fighting
 21318 | Lair:4   | Reached skill level 1 in Shields
 21341 | Lair:4   | Reached skill level 2 in Shields
 21823 | Lair:4   | Found a staircase to the Swamp.
 21850 | Lair:4   | Reached skill level 3 in Shields
 22521 | Lair:3   | Noticed a catoblepas
 22585 | Lair:4   | Reached skill level 4 in Shields
 22616 | Lair:3   | Killed a catoblepas
 22748 | Lair:5   | Reached skill level 5 in Shields
 23142 | Lair:5   | Noticed a seven-headed hydra
 23149 | Lair:5   | Banished a seven-headed hydra
 23149 | Lair:5   | Reached skill level 6 in Shields
 23253 | Lair:5   | Reached skill level 7 in Shields
 23578 | Lair:5   | Reached skill level 8 in Shields
 23666 | Lair:5   | Reached skill level 9 in Shields
 23726 | Lair:4   | Reached XP level 14. HP: 57/115 MP: 21/21
 24039 | Lair:5   | Found a staircase to the Slime Pits.
 24039 | Lair:5   | Found a viscous altar of Jiyva.
 24640 | Lair:6   | Entered Level 6 of the Lair of Beasts
 24720 | Lair:6   | Found a dark tunnel.
 24726 | Lair:6   | Reached skill level 10 in Shields
 24850 | Volcano  | Entered a volcano
 25212 | Volcano  | Reached skill level 11 in Shields
 25743 | Lair:6   | Reached skill level 12 in Shields
 26007 | Lair:6   | Noticed Snorg
 26084 | Lair:6   | Killed Snorg
 26270 | Lair:6   | Found a runed door.
 26323 | Lair:6   | Reached skill level 13 in Shields
 27104 | Lair:6   | Reached skill level 14 in Shields
 27691 | Lair:6   | Reached XP level 15. HP: 104/120 MP: 22/22
 27722 | Lair:6   | Reached skill level 15 in Shields
 27826 | Lair:6   | Reached skill level 11 in Armour
 28712 | D:11     | Reached skill level 12 in Armour
 28844 | D:11     | Reached ***** piety under Lugonu
 28959 | D:11     | Found a staircase to the Orcish Mines.
 29729 | D:12     | Reached skill level 13 in Armour
 29738 | D:12     | Noticed Kirke
 29762 | D:12     | Killed Kirke
 29843 | D:12     | Found a frozen archway.
 29860 | IceCv    | Entered an ice cave
 30523 | D:12     | Reached skill level 14 in Armour
 31004 | Orc:1    | Entered Level 1 of the Orcish Mines
 31009 | Orc:1    | Noticed Josephine
 31013 | Orc:1    | Noticed an orc warlord
 31036 | Orc:1    | Killed Josephine
 31043 | Orc:1    | Reached ****** piety under Lugonu
 31115 | Orc:1    | Killed an orc warlord
 31545 | Orc:1    | Reached XP level 16. HP: 107/127 MP: 23/23
 31710 | Orc:1    | Reached skill level 15 in Armour
 31814 | Orc:2    | Entered Level 2 of the Orcish Mines
 31920 | Orc:2    | Found a staircase to the Elven Halls.
 32786 | Orc:2    | Found a roughly hewn altar of Beogh.
 32923 | Orc:2    | Reached skill level 11 in Invocations
 32967 | Orc:2    | Found Ducoiq's Jewellery Shop.
 32967 | Orc:2    | Found Qiof's Antique Armour Emporium.
 33165 | Orc:2    | Found Uhiaph's Antique Weapon Shop.
 33165 | Orc:2    | Found Jiecsueg's Gadget Emporium.
 33518 | Orc:2    | Noticed Rupert
 33520 | Orc:2    | Corrupted Orc:2
 33520 | Orc:2    | Noticed a Hell Sentinel
 33535 | Orc:2    | Killed Rupert
 33646 | Orc:2    | Bought a jewelled ring mail for 234 gold pieces
 33656 | Orc:2    | Identified the cursed +1 ring mail of Hedging {rN+} (You bought it in a shop on level 2 of the Orcish Mines)
 33665 | Orc:2    | Bought the amulet of the Air {Inacc +Fly rElec EV+5 RMsl} for 618 gold pieces
 33869 | D:5      | Bought a glowing great mace for 304 gold pieces
 34864 | D:13     | Reached skill level 12 in Invocations
 34959 | D:13     | Found a gate to the Vaults.
 35361 | D:14     | Reached skill level 13 in Fighting
 35702 | D:14     | HP: 31/131 [meliai/divine providence (14)]
 36744 | D:15     | Entered Level 15 of the Dungeon
 36931 | D:15     | Reached skill level 14 in Fighting
 37186 | D:15     | Found Iher's Distillery.
 37500 | D:15     | Got a ring of the Octopus King
 37509 | D:15     | Identified a ring of the Octopus King {Wiz AC+1 EV+1 Str+1 Int+1 Dex+1} (You found it on level 15 of the Dungeon)
 37513 | D:15     | Found Givvuyss's Antique Weapon Emporium.
 37575 | D:15     | Reached XP level 17. HP: 140/140 MP: 26/26
 38098 | D:15     | Reached skill level 15 in Fighting
 38134 | D:15     | Reached skill level 1 in Evocations
 38175 | D:15     | Reached skill level 2 in Evocations
 38797 | D:15     | Reached skill level 3 in Evocations
 38878 | D:15     | Identified the Disquisition on Shifting Stones
 38943 | D:15     | Got a scorched wooden ring
 39072 | D:15     | Found a staircase to the Depths.
 39157 | D:15     | Reached skill level 4 in Evocations
 39395 | D:9      | Identified a scroll of acquirement
 39400 | D:9      | ...
 39400 | D:9      | a flail
 39554 | D:15     | Found Dicaukaz's Antique Armour Emporium.
 39571 | D:15     | Noticed Azrael
 39929 | D:15     | Killed Azrael
 40125 | D:15     | Got a wavering marble ring
 40338 | D:15     | Reached skill level 5 in Evocations
 40551 | D:15     | Bought a pair of faintly glowing boots for 285 gold pieces
 40551 | D:15     | Bought a pair of faintly humming boots for 285 gold pieces
 40561 | D:15     | Identified the +0 pair of boots of the Arcane {rPois rF+ MP+9} (You bought it in a shop on level 15 of the Dungeon)
 40571 | D:15     | Identified the cursed +0 pair of boots of the Orb Guardian {Int+2 Dex+4} (You bought it in a shop on level 15 of the Dungeon)
 40719 | D:9      | Identified the ring of Zejow {Str+3 Dex+3 Stlth+} (You found it on level 15 of the Dungeon)
 40729 | D:9      | Identified the ring "Eduxtew" {+Blink rElec rN+ Str+3 Dex-4} (You took it off a tengu warrior on level 15 of the Dungeon)
 40877 | Swamp:1  | Entered Level 1 of the Swamp
 41096 | Swamp:2  | Noticed Donald
 41203 | Swamp:1  | HP: 36/142 [Donald/double sword of freezing (25)]
 41224 | Abyss:1  | Found a corrupted altar of Lugonu.
 41271 | Abyss:1  | Got an encrusted scale mail
 41402 | Abyss:1  | Identified the cursed +0 scale mail of the Constellations {rElec} (You found it on level 1 of the Abyss)
 41546 | Swamp:1  | Escaped the Abyss
 41547 | Swamp:1  | Corrupted Swamp:1
 41547 | Swamp:1  | Noticed a lich
 41547 | Swamp:1  | Noticed a tentacled starspawn
 41547 | Swamp:1  | Noticed an Executioner
 41548 | Swamp:1  | Noticed a hellephant
 41550 | Swamp:1  | Killed Donald
 42435 | Swamp:1  | Reached skill level 13 in Invocations
 42527 | Swamp:2  | Got a smoking quarterstaff
 42528 | Swamp:2  | Identified the +11 quarterstaff "Rohiporu" {freeze, rElec rC+} (You found it on level 2 of the Swamp)
 42646 | Swamp:2  | Reached skill level 16 in Armour
 42776 | Swamp:2  | Identified a book of Frost
 43127 | Swamp:2  | Noticed a thorn hunter
 43130 | Swamp:2  | Banished a thorn hunter
 43284 | Swamp:3  | Identified a book of Party Tricks
 43292 | Swamp:3  | Learned a level 1 spell: Apportation
 43513 | Swamp:3  | Reached XP level 18. HP: 151/151 MP: 28/28
 43743 | Swamp:3  | Reached skill level 16 in Fighting
 44392 | Swamp:4  | Entered Level 4 of the Swamp
 45236 | Swamp:4  | Reached skill level 14 in Invocations
 46162 | Swamp:4  | Noticed a bone dragon
 46184 | Swamp:4  | Killed a bone dragon
 46210 | Swamp:4  | Got a decaying rune of Zot
 46360 | Snake:1  | Entered Level 1 of the Snake Pit
 46874 | Snake:1  | Reached skill level 17 in Armour
 47662 | Snake:2  | Reached skill level 15 in Invocations
 47814 | Snake:2  | Noticed Vashnia
 47867 | Snake:2  | Reached XP level 19. HP: 148/157 MP: 30/30
 47997 | Snake:2  | Reached skill level 17 in Fighting
 48816 | Snake:2  | Killed Vashnia
 49137 | Snake:3  | Found Viri's Magic Scroll Shop.
 49591 | Snake:3  | Found Etwyer Peba's Magic Scroll Shoppe.
 49764 | Snake:3  | Found Fetitas's Book Emporium.
 50184 | Snake:3  | Found Foerchu's Jewellery Shop.
 50184 | Snake:3  | Found Guca Rarr's Gadget Shoppe.
 50185 | Snake:3  | Found Gownoehasa's Gadget Shoppe.
 50296 | Snake:4  | Entered Level 4 of the Snake Pit
 50690 | Snake:4  | Reached skill level 16 in Invocations
 50808 | Snake:4  | Reached skill level 18 in Armour
 51099 | Snake:4  | Found Xumily's Magic Scroll Boutique.
 51951 | Snake:4  | Reached skill level 18 in Fighting
 52070 | Snake:4  | Reached XP level 20. HP: 141/168 MP: 32/32
 52322 | Snake:4  | HP: 41/169 [nagaraja/bolt of poison (11)]
 52327 | Snake:4  | HP: 25/169 [poisoned by a guardian serpent (bolt of poison)]
 52332 | Snake:4  | HP: 24/169 [poisoned by a guardian serpent (bolt of poison)]
 52335 | Abyss:1  | HP: 3/169 [poisoned by a nagaraja (splash of poison)]
 52375 | Abyss:1  | Found a corrupted altar of Lugonu.
 52383 | Abyss:1  | HP: 17/171 [large abomination (27)]
 52427 | Abyss:2  | Found a corrupted altar of Lugonu.
 52446 | Abyss:2  | HP: 48/171 [ancient zyme (9)]
 52528 | Abyss:2  | HP: 35/171 [ancient zyme (13)]
 52563 | Snake:4  | Escaped the Abyss
 52563 | Snake:4  | HP: 13/171 [guardian serpent/bolt of poison (22)]
 53223 | Snake:4  | Reached skill level 17 in Invocations
 53354 | Snake:4  | Got a serpentine rune of Zot
 53699 | Elf:1    | Entered Level 1 of the Elven Halls
 55360 | Elf:2    | Found a runed gate.
 55378 | Elf:2    | Found a runed gate.
 55544 | Elf:2    | Reached skill level 19 in Fighting
 55603 | Elf:2    | Found Ussufa Uxkag's Magic Scroll Boutique.
 55677 | Elf:2    | Reached skill level 18 in Invocations
 56012 | Elf:2    | Found a runed gate.
 56465 | Elf:2    | Reached XP level 21. HP: 176/180 MP: 34/34
 56502 | Elf:2    | HP: 49/180 [deep elf blademaster/rapier (9)]
 56508 | Elf:2    | HP: 31/180 [deep elf mage/shard of ice (20)]
 56846 | Elf:2    | Reached skill level 19 in Invocations
 57312 | Elf:2    | Corrupted Elf:2
 57327 | Elf:2    | Noticed a bone dragon
 57648 | Elf:3    | Identified a paperback manual
 57648 | Elf:3    | Entered Level 3 of the Elven Halls
 58053 | Elf:3    | Reached skill level 19 in Armour
 58450 | Elf:3    | Noticed a Tzitzimitl
 58648 | Elf:3    | Noticed a Tzitzimitl
 58749 | Elf:3    | Noticed a Tzitzimitl
 58753 | Elf:3    | HP: 44/180 [???[a deep elf demonologist] (41)]
 59000 | Elf:3    | Cast into level 3 of the Abyss (a deep elf sorcerer)
 59077 | Elf:3    | Escaped the Abyss
 59179 | Elf:3    | HP: 52/181 [deep elf death mage/vampiric draining (31)]
 59188 | Elf:3    | HP: 53/181 [poisoned by a deep elf annihilator (poison arrow)]
 59198 | Elf:3    | HP: 53/181 [deep elf annihilator/poison arrow (2)]
 59203 | Elf:3    | HP: 50/181 [poisoned by a deep elf annihilator (poison arrow)]
 59209 | Elf:3    | HP: 50/181 [poisoned by a deep elf annihilator (poison arrow)]
 59217 | Elf:3    | HP: 50/181 [poisoned by a deep elf annihilator (poison arrow)]
 59223 | Elf:3    | HP: 24/181 [poisoned by a deep elf annihilator (poison arrow)]
 59228 | Elf:3    | HP: 41/181 [poisoned by a deep elf annihilator (poison arrow)]
 59235 | Elf:3    | HP: 42/181 [poisoned by a deep elf annihilator (poison arrow)]
 59249 | Elf:3    | HP: 45/181 [deep elf mage/wand of lightning (?/15) (2)]
 59544 | Elf:3    | Cast into level 2 of the Abyss (a deep elf demonologist)
 59551 | Abyss:2  | Got a smoking scimitar
 59630 | Abyss:2  | Found a burning altar of Makhleb.
 59733 | Elf:3    | Escaped the Abyss
 59768 | Elf:3    | Noticed a Brimstone Fiend
 60700 | Elf:2    | Reached skill level 20 in Invocations
 60866 | Elf:3    | HP: 54/182 [deep elf sorcerer/bolt of acid (24)]
 60875 | Elf:2    | HP: 21/182 [deep elf sorcerer/bolt of acid (19)]
 60876 | Elf:2    | HP: 5/182 [acid (9)]
 60914 | Elf:2    | Escaped the Abyss
 60922 | Elf:2    | Reached XP level 22. HP: 63/189 MP: 17/36
 61245 | Elf:3    | Cast into level 3 of the Abyss (a deep elf demonologist)
 61246 | Elf:3    | Escaped the Abyss
 61251 | Elf:3    | Got a fine steel ring
 61252 | Elf:3    | Got a steaming executioner's axe {drain}
 61608 | Elf:3    | HP: 46/190 [???[a deep elf demonologist] (43)]
 61609 | Elf:3    | HP: 14/190 [Tzitzimitl/bolt of negative energy[a deep elf demonologist] (32)]
 61613 | Elf:3    | Killed from afar by a Tzitzimitl

Vault maps used:
D:1:      evilmike_arrival_hilbert_curve
D:2:      first_bread, chequers_ecumenical_altar_simple_redux,
          minmay_misc_feat_doors
D:3:      minmay_roachtagon, lemuel_round_altar, lemuel_crystal_altar, tgw_sif,
          roderic_lattice_a
D:4:      marbit_many_paths, makhleb_heckhound_becter
D:5:      minmay_temple_entry_junction, serial_shops,
          nicolae_shop_competitors_out_of_business, serial_park_tiny_2
D:7:      okawaru_humans, lemuel_zombie_altar_yredelemnul,
          overflow_temple_1_default, nemelex_xobeh_ov_fountains_minmay,
          minmay_mini_ossuary
D:8:      nicolae_ru_great_annihilating_truth, nicolae_overflow_crystal_walls,
          elyvilon_altar_4, hangedman_ranch, kennysheep_generic_room_15,
          uniq_grum
D:9:      lair_entry_dummy, serial_ice, serial_ice_e, serial_ice_f,
          serial_ice_l, serial_ice_a
D:10:     kennysheep_kobold_lugonu_temple, nicolae_trove_entry_path_of_doom,
          uniq_maurice
D:11:     zombieorc1_lemuel, minmay_fire_ice_demons
D:12:     portal_ice_cave_rime, uniq_kirke
D:13:     kennysheep_ambush_hall, david_vaults_1
D:14:     serial_co_window_serial, co_window_paths_a, co_window_paths_a,
          co_window_corner_a, co_window_of_opportunity_a, co_window_paths_a,
          co_window_corner_a, co_window_of_opportunity_a, co_window_paths_a,
          co_window_paths_a, co_window_broadway_c, co_window_corner_cb,
          co_window_corner_ca, co_window_cross_3, co_window_corner_b,
          co_window_broadway_a, co_window_of_opportunity_b
D:15:     hangedman_spin_cycle
Lair:1:   minmay_lair_venomous_thicket
Lair:2:   uniq_erica
Lair:3:   guppyfry_snake_entry_garden, kennysheep_catoblepas_arena
Lair:4:   minmay_swamp_entry_worms, lemuel_fruit_tree
Lair:5:   slime_altar_1, serial_bayou_pond_b
Lair:6:   hangedman_lair_in_review, wormcave, nicolae_volcano_entry_vermiform,
          uniq_snorg
Swamp:1:  evilmike_swamp_ruin_house_2
Swamp:2:  infiniplex_staircase_pool, uniq_donald
Swamp:3:  hangedman_swamp_pad
Swamp:4:  swamp_pestilence, swamp_pool1
Snake:1:  minmay_snake_river, dpeg_stationary_puzzle
Snake:2:  uniq_vashnia
Snake:3:  serial_shops, shop, shop, shop_coins, grunt_ministairs_15,
          st_stairs_1, minmay_shop_grove
Snake:4:  grunt_snake_rune_pools, serial_shops, shop
Orc:1:    uniq_josephine
Orc:2:    st_orc_town, uniq_rupert
Elf:1:    kennysheep_underground_church
Elf:2:    serial_shops, nicolae_shop_behind_doors, small_statue_intersection,
          abandoned_shop
Elf:3:    minmay_elf_hall_four_x
Abyss:1:  abyss_greek_temple, serial_sigils_hangedman_quiver
Abyss:2:  hangedman_abyss_monster_moat
Abyss:3:  hangedman_abyss_sting, evilmike_abyss_exit_kraken
IceCv:    ice_cave_statue_garden_chambered
Volcano:  volcano_tomb

Skill      XL: |  1  2  3  4  5  6  7  8  9 10 11 12 13 14 15 16 17 18 19 20 21 |
---------------+----------------------------------------------------------------+-----
Maces & Flails | 3 4 5 6 8 10 11 13 14 | 14.0
Invocations    | 3 6 10 12 13 15 16 18 20 | 20.0
Armour         | 4 6 9 10 14 15 16 17 18 19 | 19.8
Fighting       | 6 7 8 10 12 14 15 16 18 19 | 19.9
Shields        | 9 14 15 | 15.0
Evocations     | 5 |  5.0
Dodging        | |  0.8

Action                   |  1- 3 |  4- 6 |  7- 9 | 10-12 | 13-15 | 16-18 | 19-21 | 22-24 || total
-------------------------+-------+-------+-------+-------+-------+-------+-------+-------++-------
Melee: Mace              |   110 |   135 |    48 |       |       |       |       |       ||   293
       Great mace        |       |    67 |   338 |   420 |       |       |       |       ||   825
       Hand axe          |       |       |       |     3 |       |       |       |       ||     3
       Dire flail        |       |       |       |   487 |  2192 |  2269 |  1804 |   100 ||  6852
       Quarterstaff      |       |       |       |       |       |   858 |   798 |       ||  1656
 Fire: Shortbow          |       |       |       |       |    21 |       |     9 |       ||    30
Throw: Stone             |    44 |    59 |    80 |   208 |   235 |   205 |    61 |     3 ||   895
 Cast: Apportation       |       |       |       |       |       |     2 |       |       ||     2
Invok: Banish            |       |     1 |     2 |    15 |     8 |    12 |     7 |       ||    45
       Bend Space        |       |       |       |     4 |    10 |    35 |    10 |       ||    59
       Corrupt           |       |       |       |       |       |     2 |     1 |       ||     3
       Depart the Abyss  |       |       |       |       |       |     1 |     3 |     1 ||     5
       Enter the Abyss   |       |       |       |       |       |     1 |     2 |       ||     3
 Abil: Dig               |     2 |     4 |     9 |    14 |    36 |    21 |    23 |     2 ||   111
       Evoke Flight      |       |       |       |       |       |     3 |       |       ||     3
Evoke: Wand              |       |       |       |     5 |       |       |       |     1 ||     6
       Lamp of fire      |       |       |       |       |       |     1 |       |       ||     1
  Use: Scroll            |       |       |     9 |     9 |     8 |    13 |     1 |       ||    40
       Potion            |       |       |       |     1 |       |       |     5 |     1 ||     7
 Stab: Paralysed         |       |       |       |     1 |       |       |       |       ||     1
       Petrified         |       |       |       |       |     8 |       |       |       ||     8
       Distracted        |       |       |       |       |       |     3 |       |       ||     3
       Confused          |       |       |       |       |       |     3 |       |       ||     3
  Eat: Chunk             |     2 |     9 |    31 |    39 |    51 |    53 |    45 |     3 ||   233
       Royal jelly       |       |       |     2 |       |       |     2 |     4 |       ||     8
Armor: Leather armour    |    41 |       |       |       |       |       |       |       ||    41
       Scale mail        |       |   109 |    93 |    46 |       |    11 |       |       ||   259
       Chain mail        |       |       |   138 |    96 |       |       |       |       ||   234
       Plate armour      |       |       |       |   354 |   337 |   690 |   510 |    16 ||  1907
       Ice dragon scales |       |       |       |       |    84 |       |       |       ||    84
       Pearl dragon scal |       |       |       |       |    31 |    47 |       |       ||    78
       Troll leather arm |       |       |       |       |       |    28 |    36 |       ||    64
Dodge: Dodged            |    70 |   109 |   169 |   262 |   190 |   664 |   494 |    21 ||  1979
       Deflected         |       |       |       |       |       |    17 |    91 |       ||   108
Block: Large shield      |       |       |       |       |   986 |  2098 |  1776 |    44 ||  4904
